 Dungeon Crawl Stone Soup version 0.27-a0-1557-g57f10a385c (webtiles) character file.

Game seed: 15697891817555554783

42 bobarctor the Grave Robber (level 3, -1/19 HPs)
             Began as a Deep Elf Necromancer on July 16, 2021.
             Slain by an ufetubus (5 damage)
             ... on level 3 of the Dungeon.
             The game lasted 00:09:07 (2833 turns).

bobarctor the Grave Robber (Deep Elf Necromancer)   Turns: 2833, Time: 00:09:08

Health: -1/19      AC:  2    Str:  5    XL:     3   Next: 35%
Magic:  10/10      EV: 12    Int: 20    God:
Gold:   76         SH:  0    Dex: 15    Spells: 4/9 levels left

rFire    . . .     SeeInvis +   q - +3 whip (holy)
rCold    . . .     Faith    .   (no shield)
rNeg     . . .     Spirit   .   a - +0 robe
rPois    .         Reflect  .   (no helmet)
rElec    .         Harm     .   (no cloak)
rCorr    .         Rampage  .   (no gloves)
Will     .....                  (no boots)
Stlth    ++........             (no amulet)
HPRegen  0.06/turn              d - ring of see invisible
MPRegen  0.12/turn              (no ring)

@: no status effects
A: no striking features
a: no special abilities


You were on level 3 of the Dungeon.
You visited 1 branch of the dungeon, and saw 3 of its levels.

You collected 76 gold pieces.

Inventory:

Hand Weapons
 f - a +0 mace
 h - a +0 short sword
 q - a +3 whip of holy wrath (weapon)
Missiles
 b - 90 stones (quivered)
Armour
 a - a +0 robe (worn)
Jewellery
 d - a ring of see invisible (left hand)
Scrolls
 g - 2 scrolls of blinking {unknown}
 k - a scroll of torment {unknown}
 l - 2 scrolls of amnesia
 n - a scroll of acquirement
Potions
 c - a potion of mutation {unknown}
 i - a potion of magic {unknown}
 m - a potion of resistance {unknown}
 o - a potion of degeneration {unknown}
 p - a potion of heal wounds {unknown}
 r - a potion of might {unknown}


   Skills:
 + Level 2.5 Dodging
 + Level 2.5 Stealth
 * Level 3.8 Spellcasting
 + Level 5.7 Necromancy


You had 4 spell levels left.
You knew the following spells:

 Your Spells              Type           Power      Damage    Failure   Level
a - Pain                  Necr           100%       1d9       1%          1
b - Animate Skeleton      Necr           54%        N/A       1%          1
c - Vampiric Draining     Necr           13%        2d7       3%          3

Your spell library contained the following spells:

 Spells                   Type           Power      Damage    Failure   Level
 Animate Dead             Necr           13%        N/A       12%         4
 Agony                    Necr           27%        N/A       32%         5


Dungeon Overview and Level Annotations

Branches:
Dungeon (3/15)

Altars:
Vehumet


Message History

Press: ? - help, Q - select action, (/) - cycle Shift-Dir - straight line, f/p - ufetubus
Aim: an ufetubus (38% to hit)
You throw a stone. The stone closely misses the ufetubus.
You closely miss the ufetubus. The ufetubus hits you.
The ufetubus barely misses you. The ufetubus closely misses you.
The ufetubus barely misses you.
You barely miss the ufetubus. The ufetubus hits you.
The ufetubus completely misses you. The ufetubus hits you.
The ufetubus hits you but does no damage.
Unknown command.
The ufetubus barely misses you. The ufetubus misses you.
Welcome back, bobarctor the Deep Elf Necromancer.
Press ? for a list of commands and other information.
The ufetubus barely misses you. The ufetubus misses you.
The ufetubus barely misses you. The ufetubus misses you.
The ufetubus hits you. x2
The ufetubus barely misses you. The ufetubus hits you. The ufetubus misses you.
The ufetubus hits you.
* * * LOW HITPOINT WARNING * * *
The ufetubus barely misses you. The ufetubus closely misses you.
As you read the scroll labelled VIRIUT FEROACU, it crumbles to dust.
It is a scroll of amnesia.
Really abort (and waste the scroll)?
Okay, then.
The ufetubus closely misses you. The ufetubus hits you.
* * * LOW HITPOINT WARNING * * *
The ufetubus completely misses you. The ufetubus closely misses you.
Okay, then.
Okay, then.
This is a scroll of acquirement!
As you read the scroll labelled OSUUWUSTREB, it crumbles to dust.
It is a scroll of enchant weapon.
Your +2 whip of holy wrath glows red for a moment.
The ufetubus closely misses you. x2
Cast which spell? (? or * to list)
You can't see any susceptible monsters within range! (Use Z to cast anyway.)
As you read the scroll labelled WEADUJ QEIJ, it crumbles to dust.
You assume a fearsome visage.
The ufetubus is unaffected.
It was a scroll of fear.
The ufetubus hits you.
You die...

.............## #.#.#
............## #†#.#
...........## #.#.#
...........# #>#.#
########'###
#############.#.#
########.#
#.............#.#
..((...#.#
#.#############.# #.#.# #.#
#.# #.#.#######@# #.#
#.........5.# #.#
###.#####################.#
#.# .................# #.#
##################
########.# .........#
########.# ###


You could see an ufetubus.

Vanquished Creatures
  A worm (D:2)
  A dart slug (D:1)
  2 bats (D:1)
  5 giant cockroaches
  A goblin (D:2)
  2 hobgoblins
  6 jackals
  A quokka (D:2)
  3 ball pythons
  3 frilled lizards
  3 kobolds
  6 rats
34 creatures vanquished.

Notes
Turn   | Place    | Note
-------+----------+-------------------------------------------
     0 | D:1      | bobarctor the Deep Elf Necromancer began the quest for the
                  | Orb.
     0 | D:1      | Reached XP level 1. HP: 10/10 MP: 6/6
   102 | D:1      | Learned a level 1 spell: Animate Skeleton
   107 | D:1      | Reached skill level 5 in Necromancy
   307 | D:1      | Found a faded altar of an unknown god.
   401 | D:1      | Reached XP level 2. HP: 15/15 MP: 6/8
  1237 | D:2      | Found a radiant altar of Vehumet.
  1394 | D:2      | You fall into a shaft and drop 1 floor!
  1791 | D:2      | Reached XP level 3. HP: 2/19 MP: 5/10
  2072 | D:2      | Learned a level 3 spell: Vampiric Draining
  2832 | D:3      | Identified a scroll of acquirement
  2833 | D:3      | Slain by an ufetubus

Illustrated notes

Levels and vault maps discovered:
D:1:      dpeg_arrival_leaves_temple_mockup, layout_basic,
          basic_ecumenical_altar, serial_rivers, chequers_serial_rivers_marsh,
          chequers_serial_rivers_micro_a, chequers_serial_rivers_micro_c,
          chequers_serial_rivers_marsh, chequers_serial_rivers_micro_e,
          chequers_serial_rivers_room_a
D:2:      layout_loops_cross, basic_altar, kennysheep_path_1
D:3:      layout_basic, chequers_avenue

Skill      XL: |  1 |
---------------+----+-----
Necromancy     | 5 |  5.7
Dodging        | |  2.5
Stealth        | |  2.5
Spellcasting   | |  3.8

Action                   || total
-------------------------++-------
Melee: Whip              ||     7
       Mace              ||     5
Throw: Stone             ||     5
 Cast: Pain              ||    47
       Vampiric Draining ||     2
  Use: Scroll            ||     3
Armor: Robe              ||     4
Dodge: Dodged            ||    33

Table legend: (Time is in decaauts)
 A = Elapsed time spent in this place.
 B = Non-inter-level travel time spent in this place.
 C = Inter-level travel time spent in this place.
 D = Time resting spent in this place.
 E = Time spent auto-exploring this place.
 F = Levels seen in this place.
 G = Mean time per level.
                   A        B        C        D        E       F      G
               +--------+--------+--------+--------+--------+-----+--------+
         Total |   2840 |   2785 |     55 |    662 |   1845 |   3 |  946.7 |
       Dungeon |   2840 |   2785 |     55 |    662 |   1845 |   3 |  946.7 |
               +--------+--------+--------+--------+--------+-----+--------+

Top non-repeatable levels by time:
     D:1: 1161 daAuts
     D:2: 1115 daAuts
     D:3: 563 daAuts
